AoeStats
← GAX | Urubu

Arabia

507177810Analyzed
4v4 RM · 17d ago on Sep 17, 2026· 45m 28s· 8 players
Game mode
Random Map
Map size
Large (8 player)
Population
200
Speed
Normal
Resources
Standard
Victory
Conquest
Starting age
Dark Age
Ending age
Imperial Age
RankedLock teamsTeams togetherTeam positionsShared explorationLock speedFull tech treeHidden civsTurbo modeCheats
Victory
Defeat
1581
+12
🇧🇷 Gurjaras · Brazil
1562
+12
🇲🇽 Saracens · Mexico
1502
+15
🇦🇷 Shu · Argentina
1393
+20
🇦🇷 Malay · Argentina
1503
-16
🇫🇷 Britons · France
1459
-14
🇦🇷 Hindustanis · Argentina
1458
-14
软脚虾5号(p6有机会获得妙卡奶牛)
9:00 Feudal Age
8:34 Loom
9:39 Double-Bit Axe
15:29 Scale Barding Armor
16:36 Forging
17:45 Bloodlines
23:50 Castle Age
22:15 Gold Mining
22:08 Horse Collar
23:47 Wheelbarrow
24:40 Chain Barding Armor
24:38 Bow Saw
24:57 Husbandry
26:25 Heavy Plow
29:00 Town Watch
32:08 Gold Shaft Mining
33:10 Iron Casting
36:14 Hand Cart
43:47 Imperial Age
42:29 Fletching
43:32 Bodkin Arrow
Florenzi
7:46 Loom
10:00 Feudal Age
13:13 Double-Bit Axe
15:11 Wheelbarrow
15:04 Town Watch
15:31 Horse Collar
16:43 Fletching
23:43 Castle Age
23:11 Gold Mining
23:44 Crossbowman
24:37 Bodkin Arrow
25:53 Ballistics
27:45 Hand Cart
31:33 Bow Saw
31:27 Heavy Plow
33:45 Gold Shaft Mining
33:01 Stone Mining
35:40 Yeomen
twitch.tv/shacoyformosa
6:50 Loom
9:33 Feudal Age
11:42 Horse Collar
18:03 Scale Barding Armor
22:51 Castle Age
20:49 Double-Bit Axe
21:42 Forging
22:51 Husbandry
25:47 Wheelbarrow
27:51 Bow Saw
30:28 Iron Casting
36:22 Gold Mining
38:31 Heavy Plow
ds_manu2
6:21 Loom
8:47 Feudal Age
12:42 Double-Bit Axe
14:26 Fletching
20:53 Padded Archer Armor
24:43 Castle Age
25:00 Crossbowman
26:07 Bodkin Arrow
26:15 Gold Mining
30:20 Leather Archer Armor
34:55 Town Watch
37:32 Bow Saw
42:38 Imperial Age
44:39 Chemistry
edengr7
1:28 Loom
10:07 Feudal Age
11:04 Double-Bit Axe
14:05 Wheelbarrow
14:45 Fletching
17:05 Padded Archer Armor
23:30 Horse Collar
29:38 Castle Age
28:06 Stone Mining
29:54 Crossbowman
32:32 Bodkin Arrow
33:56 Leather Archer Armor
36:38 Town Watch
43:18 Imperial Age
41:41 Gold Mining
42:09 Scale Barding Armor
42:24 Bloodlines
42:59 Forging
43:50 Arbalester
44:41 Thumb Ring
44:58 Bracer
老楊默默地吃了熱香蕉泡麵
7:05 Loom
9:19 Feudal Age
9:51 Double-Bit Axe
10:16 Horse Collar
17:05 Wheelbarrow
17:54 Stone Mining
21:04 Castle Age
19:39 Gold Mining
22:03 Bow Saw
21:53 Heavy Plow
22:17 Bow Saw
22:48 Scale Barding Armor
23:38 Chain Barding Armor
24:34 Scale Mail Armor
25:45 Forging
27:34 Stirrups
28:32 Forging
33:27 Bloodlines
33:18 Husbandry
37:09 Iron Casting
40:28 Chain Mail Armor
47:11 Imperial Age
GAX | Urubu
5:17 Loom
9:20 Feudal Age
10:06 Double-Bit Axe
10:33 Horse Collar
16:16 Scale Barding Armor
18:34 Forging
20:28 Bloodlines
21:16 Gold Mining
24:28 Castle Age
25:34 Chain Barding Armor
25:34 Husbandry
28:10 Wheelbarrow
42:00 Hand Cart
44:24 Imperial Age
46:13 Plate Barding Armor
45:11 Elite Shrivamsha Rider
Nachom
6:27 Loom
9:20 Feudal Age
9:52 Double-Bit Axe
12:33 Padded Archer Armor
13:50 Fletching
17:28 Horse Collar
20:57 Wheelbarrow
22:45 Castle Age
21:47 Gold Mining
22:48 Crossbowman
23:24 Bodkin Arrow
23:59 Thumb Ring
25:48 Ballistics
26:40 Bow Saw
28:24 Leather Archer Armor
31:32 Scale Mail Armor
31:01 Pikeman
32:51 Wheelbarrow
33:46 Chain Mail Armor
35:00 Forging
35:16 Squires
39:01 Stone Mining
41:32 Arson
47:01 Imperial Age
45:38 Coiled Serpent Array
Connection lost

Rejoining the realm…

Still unreachable

The connection could not be restored.

Session expired

The server has moved on; the page needs a fresh start.